Map: Canyon of Tribulation

Players

Throwfordays - Winner!

  • Race: Zerg Zerg
  • League: Silver
  • Spawn Location: 12:00

Breakfast - Winner!

  • Race: Terran Terran
  • Spawn Location: 12:00

Faust - Winner!

  • Race: Zerg Zerg
  • League: Diamond
  • Spawn Location: 3:00

MegaValdy

  • Race: Terran Terran
  • Spawn Location: 6:00

strballistik

  • Race: Protoss Protoss
  • Spawn Location: 7:00

Amnesiac

  • Race: Terran Terran
  • Spawn Location: 6:00

VOD

Have the link to the VOD?

Description

Time

  • Played on: Feb. 25, 2019, 9:56 p.m.
  • Length: 17:38
Show
View Real Time Build Order
Export as new Build Order

Throwfordays Zerg - Winner!

Build Orders: Hatch First, Brood Lord Corruptor 

Get SALT Encoding   

  12  0:01  Drone  
  13  0:09  Drone  
  14  0:18  Overlord  
  14  0:29  Extractor x2  
  14  0:30  Drone  
  14  0:31  Drone  
  16  0:58  Drone x2  
  18  1:12  Hatchery  
  18  1:13  Extractor  
  18  1:14  Drone  
  17  1:26  Spawning Pool  
  17  1:28  Drone x2  
  17  1:31  Drone  
  19  1:46  Drone  
  20  1:50  Extractor  
  20  1:53  Drone  
  20  2:03  Overlord  
  20  2:13  Queen  
  22  2:18  Roach Warren  
  22  2:19  Drone  
  22  2:22  Metabolic Boost  
  22  2:28  Queen  
  24  2:37  Drone  
  24  2:38  Drone  
  24  2:40  Drone  
  24  2:43  Drone  
  28  3:00  Drone x2  
  30  3:07  Drone x3  
  30  3:10  Overlord  
  33  3:19  Drone  
  34  3:23  Extractor  
  34  3:25  Extractor  
  32  3:31  Overlord x2  
  32  3:33  Drone x2  
  34  3:38  Drone x4  
  38  3:48  Drone  
  39  3:59  Hatchery  
  38  4:03  Drone x4  
  38  4:07  Drone x2  
  44  4:10  Drone  
  45  4:22  Drone x2  
  47  4:29  Drone  
  47  4:30  Drone x2  
  50  4:38  Lair  
  50  4:45  Spore Crawler  
  49  4:49  Spore Crawler  
  49  4:50  Drone x2  
  50  4:57  Drone x2  
  52  5:00  Drone x2  
  52  5:04  Overlord x2  
  52  5:06  Drone x2  
  56  5:14  Spore Crawler  
  56  5:17  Spore Crawler, Queen  
  56  5:19  Drone  
  57  5:21  Drone  
  58  5:37  Evolution Chamber  
  58  5:41  Hydralisk Den  
  56  5:45  Spire x2  
  56  5:46  Drone x2  
  56  5:48  Pneumatized Carapace  
  56  5:53  Drone  
  56  5:54  Drone x4  
  56  5:56  Drone x3  
  64  6:04  Extractor x2  
  64  6:06  Drone x3  
  64  6:07  Drone x3  
  68  6:25  Infestation Pit  
  67  6:40  Drone x3  
  67  6:41  Drone  
  67  6:42  Drone x2  
  67  6:46  Overlord x4  
  67  6:47  Overlord x2  
  73  6:59  Zerg Flyer Weapons Level 1, Zerg Flyer Armor Level 1  
  73  7:01  Mutalisk x3  
  73  7:02  Mutalisk  
  73  7:06  Mutalisk x2  
  85  7:09  Mutalisk x4  
  85  7:12  Mutalisk x3  
  99  7:26  Hatchery  
  99  7:28  Drone  
  99  7:29  Drone x4  
  103  7:37  Drone x3  
  103  7:42  Drone x3  
  103  7:43  Drone x3  
  112  7:46  Extractor  
  111  7:51  Extractor  
  111  7:55  Overlord  
  110  7:59  Overlord x4  
  110  8:02  Overlord x2  
  110  8:08  Mutalisk  
  110  8:12  Mutalisk x3  
  116  8:15  Mutalisk  
  120  8:25  Mutalisk x2  
  124  8:28  Mutalisk x4  
  124  8:32  Mutalisk  
  134  8:46  Mutalisk  
  134  8:47  Mutalisk  
  138  8:49  Mutalisk  
  138  8:52  Mutalisk x2  
  144  8:59  Zerg Flyer Weapons Level 2  
  144  9:24  Zerg Flyer Armor Level 2  
  138  9:58  Corruptor x3  
  138  9:59  Corruptor  
  146  10:03  Drone x3  
  146  10:04  Queen  
  151  10:11  Corruptor  
  153  10:15  Corruptor x2  
  153  10:16  Corruptor x2  
  153  10:19  Corruptor x5  
  171  10:22  Corruptor  
  171  10:28  Drone  
  174  10:31  Drone  
  175  10:38  Corruptor  
  175  10:39  Corruptor x2  
  181  10:45  Corruptor x3  
  187  11:18  Hive  
  187  11:38  Overseer  
  155  12:53  Greater Spire  
  155  12:56  Zerg Flyer Weapons Level 3  
  155  13:06  Corruptor x6  
  155  13:10  Corruptor x5  
  155  13:11  Corruptor  
  169  13:58  Overlord x3  
  169  14:05  Brood Lord  
  169  14:06  Brood Lord x7  
  169  14:07  Brood Lord x3  
  181  15:24  Corruptor x3  
  181  15:27  Corruptor x2  
  181  15:28  Corruptor x4  
  188  15:30  Corruptor x4  
  198  16:12  Spire  
Show
View Real Time Build Order
Export as new Build Order

Breakfast Terran - Winner!

Build Orders:  

Get SALT Encoding   

  12  0:03  SCV  
  13  0:17  SCV  
  14  0:40  SCV  
  15  0:43  Supply Depot  
  15  1:02  Supply Depot  
  15  1:18  Barracks  
  15  1:31  Refinery, SCV  
  16  1:43  SCV  
  17  1:56  SCV  
  18  2:08  SCV  
  19  2:15  Barracks  
  19  2:16  Marine  
  20  2:23  SCV  
  21  2:32  Engineering Bay  
  21  2:34  Marine  
  21  2:36  SCV  
  23  2:42  Refinery  
  23  2:51  SCV  
  23  2:52  Marine  
  25  3:05  Barracks Tech Lab  
  25  3:10  Marine  
  26  3:18  Engineering Bay  
  26  3:19  SCV  
  27  3:24  Terran Infantry Weapons Level 1  
  27  3:27  Marine  
  27  3:33  Barracks Reactor  
  28  3:44  Marine  
  28  3:47  Stimpack  
  29  3:50  SCV  
  29  3:52  Terran Infantry Armor Level 1  
  30  3:59  Command Center  
  30  4:02  Marine, Supply Depot  
  31  4:24  Marine x3  
  31  4:25  Orbital Command  
  31  4:26  Supply Depot  
  34  4:41  Missile Turret  
  34  4:49  Supply Depot  
  34  4:56  Marine  
  34  4:57  Marine x2  
  37  5:03  Missile Turret  
  37  5:12  SCV  
  37  5:13  Supply Depot  
  38  5:15  SCV  
  39  5:22  Marine x2  
  39  5:27  SCV, Combat Shield  
  42  5:28  Missile Turret  
  42  5:29  SCV  
  43  5:37  Supply Depot  
  43  5:39  SCV  
  43  5:41  SCV  
  45  5:48  Factory  
  45  6:02  Missile Turret  
  45  6:14  Missile Turret  
  45  6:21  SCV  
  45  6:23  Missile Turret  
  45  6:25  Marine x2  
  46  6:28  Marine  
  49  6:33  SCV  
  49  6:34  Missile Turret  
  49  6:37  SCV  
  51  6:45  SCV, Missile Turret  
  52  6:55  Missile Turret  
  52  6:57  SCV  
  52  6:59  Armory  
  53  7:10  Marine x2  
  55  7:17  Missile Turret  
  55  7:21  SCV  
  56  7:26  Refinery x2  
  56  7:33  SCV  
  57  7:46  Marine x2  
  57  7:47  Marine  
  60  7:51  Terran Infantry Weapons Level 2  
  60  7:53  Terran Infantry Armor Level 2  
  60  8:06  Marine x3  
  63  8:16  SCV x2  
  65  8:27  Marine x3  
  68  8:42  Starport  
  68  8:44  SCV  
  69  8:56  SCV  
  70  9:19  Starport  
  70  9:20  Sensor Tower  
  70  9:32  Starport Tech Lab  
  70  9:34  Command Center  
  70  9:41  Fusion Core  
  70  9:46  Marine x2  
  70  9:47  Marine  
  73  10:08  Starport Tech Lab  
  73  10:10  Orbital Command  
  73  10:21  Marine x3  
  74  10:25  Terran Infantry Weapons Level 3  
  74  10:27  Terran Infantry Armor Level 3  
  76  10:36  Battlecruiser  
  76  10:39  Marine x3  
  85  10:43  Battlecruiser  
  85  10:49  Weapon Refit  
  91  11:04  Missile Turret  
  91  11:09  SCV x3  
  94  11:20  Marine x2  
  94  11:21  Marine, SCV x2  
  99  11:25  Missile Turret  
  99  11:30  Supply Depot  
  99  11:38  Marine x3  
  102  11:47  Missile Turret  
  102  11:54  Supply Depot  
  102  11:56  Marine x3  
  85  12:10  Missile Turret  
  85  12:14  Marine x3  
  78  12:18  Supply Depot  
  76  12:25  Battlecruiser  
  76  12:27  Battlecruiser  
  88  12:31  Marine  
  88  12:32  Marine x2  
  88  12:33  Missile Turret  
  91  12:41  Supply Depot  
  91  12:50  Marine  
  92  13:03  Supply Depot  
  92  13:25  Supply Depot  
  92  13:26  Marine x3  
  95  13:29  Battlecruiser  
  95  13:31  Battlecruiser  
  105  13:44  Marine x3  
  108  13:49  Supply Depot  
  102  14:01  Marine  
  102  14:02  Marine x2  
  105  14:11  Barracks  
  105  14:19  Marine  
  105  14:20  Marine x2  
  105  14:21  Refinery  
  105  14:22  Refinery  
  108  14:34  Battlecruiser  
  108  14:35  Battlecruiser  
  108  14:37  Marine x2  
  83  15:00  Barracks  
  77  15:11  Marine x4  
  80  15:29  Marine x4  
  84  15:38  Battlecruiser  
  84  15:40  Battlecruiser  
  96  15:46  Marine  
  96  15:47  Marine x3  
  100  16:04  Marine  
  100  16:05  Marine x3  
  104  16:22  Marine  
  104  16:23  Marine x3  
  107  16:40  Marine x2  
Show
View Real Time Build Order
Export as new Build Order

Faust Zerg - Winner!

Build Orders: Hatch First, Swarm Host 

Get SALT Encoding   

  12  0:02  Drone  
  13  0:09  Drone  
  14  0:17  Extractor  
  14  0:18  Drone  
  15  0:23  Overlord  
  15  0:41  Drone x2  
  17  0:55  Hatchery  
  16  0:59  Drone  
  17  1:05  Drone  
  17  1:09  Extractor  
  17  1:20  Spawning Pool  
  16  1:26  Drone  
  16  1:27  Drone  
  16  1:31  Drone  
  19  1:39  Overlord  
  19  2:09  Queen  
  19  2:10  Metabolic Boost  
  19  2:12  Queen  
  19  2:13  Zergling x4  
  25  2:19  Zergling x2  
  25  2:22  Zergling x2  
  27  2:24  Zergling x2  
  28  2:30  Overlord  
  28  2:37  Baneling Nest  
  28  2:42  Drone  
  28  2:54  Drone  
  28  2:55  Drone x3  
  32  3:02  Drone x2  
  34  3:30  Zergling x10  
  34  3:31  Zergling x2  
  35  3:53  Lair  
  35  3:55  Drone  
  35  3:56  Drone x5  
  35  3:58  Extractor  
  35  4:00  Extractor  
  36  4:16  Drone x2  
  35  4:32  Extractor, Drone x3  
  35  4:33  Drone  
  35  4:34  Drone x3  
  35  4:35  Drone  
  42  4:43  Drone x2  
  44  4:48  Overlord  
  44  4:56  Infestation Pit  
  43  5:03  Drone  
  44  5:07  Overlord x3  
  44  5:08  Overlord  
  44  5:09  Overlord  
  44  5:24  Overseer  
  44  5:27  Drone  
  44  5:28  Drone x2  
  47  5:32  Drone  
  47  5:33  Drone  
  47  5:34  Evolution Chamber  
  48  5:36  Evolution Chamber  
  48  5:38  Spore Crawler  
  48  5:41  Spore Crawler  
  45  5:43  Spore Crawler  
  45  5:44  Drone  
  45  5:45  Drone x3  
  45  5:47  Drone  
  45  5:48  Drone x2  
  51  5:58  Nydus Network  
  50  6:05  Swarm Host x5  
  50  6:09  Zerg Missile Weapons Level 1  
  50  6:11  Zerg Ground Armor Level 1  
  65  6:22  Pneumatized Carapace  
  65  6:39  Swarm Host x4  
  71  6:40  Swarm Host  
  80  6:55  Nydus Canal  
  80  7:27  Swarm Host x3  
  80  7:28  Swarm Host  
  92  7:46  Nydus Canal  
  92  7:50  Overlord x4  
  92  7:52  Hive  
  92  7:55  Hydralisk Den  
  91  7:59  Roach Warren  
  90  8:32  Spore Crawler  
  89  8:36  Zerg Ground Armor Level 2, Zerg Missile Weapons Level 2  
  89  8:38  Spine Crawler  
  89  8:41  Spore Crawler  
  87  8:43  Drone x3  
  90  9:01  Nydus Canal  
  90  9:02  Hatchery  
  90  9:05  Hatchery, Overlord x3  
  88  9:12  Spore Crawler  
  88  9:16  Spore Crawler  
  56  9:53  Spire  
  56  9:54  Adrenal Glands  
  56  9:59  Ultralisk Cavern  
  54  10:03  Drone x9  
  63  10:25  Extractor  
  63  10:26  Drone x3  
  65  10:29  Drone x3  
  65  10:30  Extractor  
  65  10:31  Drone x6  
  65  10:33  Queen  
  65  10:34  Queen  
  77  10:52  Zerg Melee Weapons Level 1  
  77  10:58  Extractor, Drone x4  
  77  10:59  Drone x2  
  77  11:00  Extractor  
  81  11:06  Chitinous Plating  
  81  11:09  Zerg Ground Armor Level 3  
  81  11:15  Zerg Flyer Weapons Level 1  
  81  11:16  Spire  
  80  11:30  Hatchery  
  79  11:36  Corruptor x4  
  79  11:37  Corruptor x3  
  93  11:44  Burrow  
  93  11:46  Zergling x16  
  92  12:24  Anabolic Synthesis  
  92  12:31  Ultralisk  
  92  12:32  Ultralisk x3  
  115  12:42  Hatchery  
  111  12:46  Extractor  
  109  12:59  Drone x3  
  112  13:05  Hatchery  
  97  13:27  Zergling x10  
  97  13:28  Zergling x8  
  97  13:29  Zergling x2  
  97  13:30  Ultralisk  
  113  13:35  Drone x3  
  113  13:37  Drone  
  123  14:08  Zerg Melee Weapons Level 2  
  79  14:21  Ultralisk x3  
  34  15:18  Ultralisk x2  
  34  15:19  Ultralisk x2  
  58  15:56  Overseer  
  32  16:53  Corruptor x8  
  48  17:27  Hatchery  
Show
View Real Time Build Order
Export as new Build Order

MegaValdy Terran 

Build Orders: 2 Factory, Mech 

Get SALT Encoding   

  12  0:01  SCV  
  13  0:18  Supply Depot  
  13  0:20  SCV  
  14  0:30  Refinery  
  14  0:32  SCV  
  15  0:44  SCV  
  16  0:56  SCV  
  17  0:59  Barracks  
  17  1:08  SCV  
  18  1:20  SCV  
  19  1:46  Command Center  
  19  1:51  Orbital Command  
  19  2:08  Factory  
  19  2:11  Refinery  
  19  2:18  SCV  
  20  2:30  SCV  
  20  2:31  Barracks Reactor  
  21  2:42  SCV  
  22  2:48  Factory  
  22  2:54  SCV  
  23  2:58  Supply Depot  
  23  3:12  Hellion  
  24  3:14  Marine  
  24  3:15  Marine  
  26  3:24  SCV  
  27  3:33  Hellion  
  27  3:34  Hellion  
  31  3:46  Marine  
  31  3:47  Marine  
  29  3:51  Orbital Command  
  29  3:54  Hellion  
  31  4:02  SCV  
  30  4:11  Hellion  
  30  4:16  Hellion  
  34  4:20  SCV x2  
  36  4:29  Factory  
  36  4:35  Factory Tech Lab  
  36  4:41  Supply Depot  
  36  4:45  SCV x2  
  38  4:47  Armory  
  38  4:57  SCV  
  39  5:00  SCV  
  39  5:04  Infernal Pre-Igniter  
  40  5:09  SCV  
  40  5:13  SCV, Siege Tank  
  45  5:19  Factory Tech Lab  
  45  5:21  SCV  
  45  5:25  SCV  
  45  5:27  Refinery  
  49  5:28  Widow Mine  
  49  5:29  Hellion  
  49  5:33  SCV  
  52  5:37  Terran Vehicle Weapons Level 1  
  52  5:43  Factory  
  52  5:44  Barracks Tech Lab  
  52  5:53  SCV  
  53  6:13  SCV  
  53  6:17  Refinery  
  54  6:19  Starport  
  54  6:28  Supply Depot  
  54  6:34  Drilling Claws  
  54  6:37  Supply Depot  
  54  6:43  Engineering Bay  
  54  6:48  Supply Depot  
  54  6:50  SCV x2, Siege Tank  
  59  7:04  SCV  
  59  7:05  Liberator  
  59  7:08  Hellbat x2  
  67  7:11  Supply Depot  
  67  7:14  Factory  
  67  7:39  Hellion x6  
  67  7:46  Hellbat, Siege Tank  
  72  8:32  Terran Vehicle And Ship Armor Level 1  
  72  8:37  Armory  
  72  8:45  Liberator  
  72  8:46  Hellbat, Siege Tank  
  72  8:47  Hellbat  
  82  8:49  SCV x2  
  82  8:50  Factory Tech Lab  
  84  8:56  Command Center  
  84  9:33  Hellbat  
  86  9:42  Terran Vehicle Weapons Level 2  
  86  10:00  Missile Turret x2  
  86  10:02  Missile Turret  
  86  10:03  Supply Depot  
  86  10:07  Liberator  
  86  10:08  SCV x2, Widow Mine, Siege Tank, Missile Turret, Hellbat  
  86  10:09  Orbital Command  
  98  10:24  Thor  
  104  10:30  Supply Depot, Hellbat  
  104  10:31  Supply Depot, Widow Mine  
  104  10:32  Supply Depot  
  104  10:34  SCV  
  104  10:35  Supply Depot  
  109  10:44  Supply Depot  
  109  10:50  Factory  
  109  10:51  Thor  
  109  10:52  SCV x2  
  109  10:53  Supply Depot, Widow Mine  
  109  10:55  Supply Depot  
  109  10:56  Supply Depot  
  119  10:59  Thor  
  125  11:17  Widow Mine, Hellbat x2  
  131  11:19  Thor  
  131  11:25  Liberator  
  140  11:35  Siege Tank  
  140  11:38  Hellbat  
  140  11:39  Hellbat  
  141  11:55  Thor, Widow Mine x2  
  141  11:59  Hellbat  
  147  12:07  Hellbat x2, Hellion  
  124  12:17  Hellbat, Hellion  
  124  12:19  Hellbat  
  124  12:21  Hellbat  
  126  12:29  Hellbat  
  124  12:34  Hellbat  
  124  12:36  Thor  
  126  12:40  Hellbat  
  126  12:43  Thor  
  131  12:46  Thor, Hellion  
  131  12:47  Hellbat  
  131  12:50  Hellbat  
  143  12:55  Hellbat  
  145  13:02  Hellbat  
  145  13:03  SCV  
  148  13:07  Widow Mine  
  148  13:09  Widow Mine  
  148  13:11  Hellbat  
  152  13:15  SCV  
  151  13:25  Thor  
  151  13:26  Widow Mine  
  151  13:27  SCV, Widow Mine  
  155  13:29  Hellbat  
  155  13:30  Hellbat x2  
  155  13:33  Hellbat  
  164  13:37  Supply Depot  
  164  13:38  Supply Depot  
  164  13:40  Supply Depot  
  164  13:44  Hellion  
  164  13:47  Thor  
  164  13:48  Hellbat  
  172  13:51  Hellbat  
  172  13:55  Terran Vehicle And Ship Armor Level 2, Terran Vehicle Weapons Level 3  
  172  14:02  Supply Depot  
  170  14:07  Thor, Hellbat x2  
  176  14:13  Hellbat  
  176  14:14  Widow Mine  
  176  14:15  Widow Mine  
  182  14:28  Widow Mine, Hellbat  
  182  14:31  Hellbat  
  188  14:34  Hellbat  
  188  14:36  Hellbat  
  152  14:59  Thor x2, Hellbat  
  170  15:00  Hellbat x2  
  170  15:05  Hellbat x2  
  138  15:21  Widow Mine x2, Hellbat  
  124  15:26  Widow Mine, Hellbat  
  112  15:37  Refinery  
  112  15:39  Refinery  
  112  15:42  Widow Mine x2, Hellbat  
  114  16:14  Factory Tech Lab  
  114  16:17  Command Center  
  114  16:25  Hellbat x4  
  90  16:44  Hellbat x3  
  90  16:46  Hellbat  
  86  16:50  Widow Mine x3  
  78  17:05  Widow Mine x2  
Show
View Real Time Build Order
Export as new Build Order

strballistik Protoss 

Build Orders: Carriers 

Get SALT Encoding   

  12  0:01  Probe  
  13  0:17  Pylon  
  13  0:19  Probe  
  14  0:28  Probe  
  15  0:37  Gateway  
  15  0:38  Probe  
  16  0:46  Assimilator  
  16  0:50  Probe  
  17  0:58  Probe  
  18  1:06  Probe  
  19  1:17  Probe  
  19  1:18  Assimilator  
  20  1:26  Cybernetics Core  
  20  1:29  Probe  
  20  1:31  Pylon  
  21  1:41  Probe  
  22  1:53  Probe  
  25  1:57  Pylon  
  25  2:05  Probe  
  25  2:06  Stargate  
  26  2:14  Forge  
  24  2:26  Pylon  
  24  2:30  Pylon  
  24  2:37  Pylon  
  24  2:50  Fleet Beacon  
  24  3:03  Photon Cannon  
  24  3:45  Photon Cannon  
  24  4:01  Photon Cannon  
  24  4:34  Photon Cannon  
  24  4:39  Photon Cannon  
  24  4:48  Photon Cannon  
  24  4:58  Photon Cannon  
  24  5:08  Photon Cannon  
  24  5:35  Nexus  
  24  5:45  Pylon  
  24  5:53  Pylon  
  24  6:01  Pylon  
  24  6:16  Photon Cannon  
  24  6:27  Carrier  
  30  6:40  Stargate  
  30  6:44  Probe  
  30  6:52  Probe  
  31  7:00  Probe  
  33  7:08  Probe  
  33  7:10  Probe  
  35  7:17  Probe  
  35  7:18  Probe  
  37  7:27  Probe  
  37  7:28  Probe  
  38  7:34  Carrier x2  
  39  7:40  Probe  
  40  7:50  Probe  
  52  7:55  Protoss Air Weapons Level 1  
  53  7:59  Probe  
  54  8:07  Probe  
  55  8:13  Probe  
  55  8:18  Probe  
  57  8:25  Probe  
  58  8:28  Assimilator, Carrier  
  58  8:31  Assimilator  
  58  8:36  Carrier  
  70  9:16  Stargate  
  70  9:33  Carrier  
  70  9:34  Carrier  
  80  9:57  Pylon  
  80  10:04  Pylon  
  80  10:05  Carrier  
  80  10:09  Pylon  
  86  10:28  Pylon  
  86  10:34  Stargate  
  86  10:37  Pylon  
  86  10:51  Carrier  
  92  11:39  Protoss Air Weapons Level 2  
  92  11:44  Carrier  
  92  11:54  Carrier  
  92  12:05  Carrier  
  62  12:15  Carrier  
  68  12:48  Carrier  
  74  12:55  Carrier  
  80  13:21  Carrier  
  86  13:35  Carrier  
  92  13:42  Carrier  
  98  14:00  Carrier  
  104  14:21  Nexus  
  104  14:25  Carrier  
  110  14:32  Protoss Air Weapons Level 3  
  110  14:35  Carrier  
  98  15:43  Carrier  
  98  15:44  Carrier x2  
  104  16:02  Pylon  
  104  16:04  Pylon  
  104  16:06  Pylon  
  104  16:20  Assimilator  
  104  16:23  Assimilator  
  38  17:23  Photon Cannon  
  38  17:25  Photon Cannon  
  38  17:27  Photon Cannon  
  38  17:28  Photon Cannon  
  36  17:31  Photon Cannon  
  36  17:32  Photon Cannon  
Show
View Real Time Build Order
Export as new Build Order

Amnesiac Terran 

Build Orders:  

Get SALT Encoding   

  12  0:02  SCV  
  14  0:14  SCV  
  14  0:26  SCV  
  14  0:28  Supply Depot  
  15  0:42  Refinery  
  15  0:50  SCV  
  16  1:02  SCV, Barracks  
  17  1:14  SCV  
  18  1:26  SCV  
  18  1:28  Barracks  
  19  1:38  SCV  
  20  1:40  Supply Depot  
  20  1:50  SCV  
  20  1:51  Barracks Tech Lab  
  21  2:08  Command Center  
  21  2:14  Orbital Command  
  21  2:19  Barracks Reactor  
  22  2:26  Reaper  
  22  2:40  Engineering Bay  
  22  2:44  SCV  
  22  2:45  Refinery  
  23  2:56  SCV  
  23  2:57  Marine x2  
  26  3:03  Marauder  
  28  3:08  SCV  
  29  3:16  Marine  
  30  3:21  SCV  
  30  3:25  Marauder  
  33  3:27  Marine  
  33  3:33  Marine  
  32  3:45  Marine x2  
  34  3:51  Marine  
  34  4:10  Barracks x2  
  34  4:16  Marine x2, Marauder  
  38  4:20  SCV  
  38  4:22  Orbital Command  
  39  4:27  Factory  
  39  4:29  Terran Infantry Weapons Level 1  
  39  4:32  SCV  
  40  4:56  Stimpack  
  40  4:57  SCV x2  
  42  5:01  Supply Depot  
  42  5:06  Supply Depot  
  42  5:09  SCV  
  42  5:12  Starport  
  42  5:14  Marine x2  
  45  5:23  Supply Depot  
  45  5:37  Barracks Tech Lab  
  45  5:51  Supply Depot  
  45  5:52  Marine x2  
  45  5:53  Marauder  
  45  5:55  Factory Tech Lab  
  49  6:03  Refinery  
  49  6:05  Refinery, Starport Tech Lab  
  49  6:11  SCV x2, Starport  
  50  6:14  Marauder  
  53  6:23  SCV, Ghost Academy  
  54  6:33  SCV  
  54  6:35  SCV  
  54  6:36  Concussive Shells  
  54  6:37  Missile Turret  
  54  6:38  Missile Turret  
  56  6:45  SCV, Missile Turret  
  56  6:46  Missile Turret  
  56  6:47  SCV, Missile Turret  
  57  6:48  Barracks Reactor  
  57  6:49  Starport Reactor  
  58  6:57  SCV  
  58  6:59  SCV  
  60  7:01  Missile Turret  
  60  7:05  Marine x2  
  62  7:08  Missile Turret  
  62  7:09  SCV  
  62  7:11  Missile Turret  
  63  7:18  Combat Shield  
  63  7:22  SCV, Orbital Command  
  59  7:34  SCV  
  59  7:50  Missile Turret  
  59  7:51  SCV x2  
  61  7:59  Viking x3  
  61  8:03  SCV  
  68  8:10  Command Center  
  64  8:23  Orbital Command  
  63  8:34  Supply Depot  
  63  8:45  Refinery  
  63  9:21  Marine x3, SCV x2  
  63  9:22  Marauder x2  
  64  9:28  Marine  
  64  9:30  Viking, Medivac x2  
  56  9:33  SCV x2  
  56  9:39  Marine x2  
  56  9:41  Orbital Command  
  56  9:43  Marauder x2  
  62  9:45  SCV x2  
  62  9:51  Marine x2  
  66  9:58  SCV x2  
  68  10:00  Viking  
  68  10:02  Refinery  
  70  10:09  Supply Depot  
  70  10:13  Missile Turret  
  70  10:16  Refinery  
  70  10:22  Refinery  
  70  10:24  Supply Depot  
  70  10:27  Supply Depot  
  70  10:31  SCV x3, Marauder x2  
  77  10:38  Supply Depot  
  77  10:41  Supply Depot  
  77  10:46  SCV x3  
  77  10:47  Marine x3  
  83  10:52  Siege Tank  
  83  10:53  Marauder x2  
  83  10:54  Terran Infantry Armor Level 1  
  90  11:04  Marine  
  90  11:05  Marine x2  
  93  11:14  Marauder x2  
  97  11:20  Viking, Medivac x2  
  97  11:22  Marine  
  97  11:23  Marine  
  105  11:33  Supply Depot x2  
  105  11:34  Marine  
  105  11:35  Marauder  
  108  11:43  Marine  
  109  11:54  Marine x3, Medivac  
  109  11:55  Supply Depot, Marauder, Viking  
  109  11:57  Marauder  
  109  12:01  Marine  
  115  12:09  Viking  
  115  12:12  Marine x3  
  85  12:16  Marauder  
  85  12:18  Marine  
  85  12:19  Marine  
  82  12:24  Viking  
  84  12:30  Marine x3  
  84  12:35  Marine  
  84  12:37  Marine  
  88  12:39  Marine  
  88  12:41  Viking x2  
  88  12:43  Widow Mine  
  96  12:48  Marine x3  
  99  12:53  Marine  
  99  12:54  Marine, Viking  
  99  12:57  Marine  
  104  13:05  Marine x3, Widow Mine  
  106  13:11  Marine, Viking  
  106  13:12  Command Center  
  109  13:15  Armory  
  109  13:17  Armory  
  109  13:19  Refinery, Engineering Bay  
  102  13:26  Marine, Widow Mine  
  102  13:27  Marine x3  
  99  13:33  SCV x3  
  99  13:34  Refinery  
  105  13:43  Marine x2  
  105  13:44  Marine x3  
  105  13:45  Marine, SCV x2  
  105  13:46  Medivac x2  
  117  14:01  Marine x2  
  117  14:02  Marine x4  
  114  14:13  Widow Mine  
  116  14:19  Marine x2  
  116  14:20  Marine x3  
  116  14:23  Marine  
  122  14:25  Medivac  
  124  14:34  Widow Mine  
  124  14:36  Marine  
  124  14:37  Marine  
  124  14:38  Marine x2  
  127  14:57  Marine x6  
  119  15:00  Viking, Medivac x2  
  102  15:15  Marine x6  
  97  15:30  Viking, Medivac x2  
  97  15:31  Widow Mine  
  97  15:32  Marine x2  
  97  15:33  Marine x4  
  109  15:50  Marine  
  109  15:52  Orbital Command  
  109  15:53  Widow Mine  
  112  16:00  Viking  
  114  16:06  Marine x3  
  114  16:07  Viking  
  114  16:08  Marine  
  124  16:14  Widow Mine  
  81  16:33  Unknown x2  
  81  16:35  Widow Mine  
  81  16:38  Marine x3  
  81  16:39  Marine x3  
  81  16:56  Marine x4  
  81  16:57  Marauder  
  81  16:59  Missile Turret  
  81  17:02  Missile Turret x2  
  81  17:07  Viking x3  
  86  17:14  Marine x4  
Tags
 
Add a new tag
Caveats
  • Supply blocks, unpowered buildings, or Contaminate may cause inaccurate times.
  • Supply counts are checked every 10 seconds.